[Event "Chinese Championship-B Men 2024"]
[Site "Liaocheng"]
[Date "2024.04.26"]
[Round "11.12"]
[White "Ren, Yibai"]
[Black "Wang, Hao B"]
[Result "0-1"]
[ECO "B76"]
[WhiteElo "1755"]
[BlackElo "2170"]
[Annotator "TA"]
[PlyCount "56"]
[EventDate "2024.04.24"]
[EventType "swiss"]
[EventCountry "CHN"]
[SourceTitle "playchess.com"]
[Source "ChessBase"]
[SourceQuality "1"]
[TimeControl "5400+30"]

1. e4 c5 2. Nf3 d6 3. d4 cxd4 4. Nxd4 Nf6 5. Nc3 a6 6. f3 Nc6 7. Be3 g6 8. Qd2 Bg7 9. O-O-O O-O 10. h4 h5 11. Nxc6 bxc6 12. g4 {[%emt 0:00:00] The position is equal.} Qa5 13. Bh6 (13. gxh5 $11 Nxh5 14. Bd4) 13... Be6 (13... hxg4 $17 14. Bxg7 Kxg7) 14. gxh5 Nxh5 15. Bxg7 Nxg7 {[%emt 0:00:04] [#]} (15... Kxg7 $11 {remains equal.} 16. f4 Bxa2) 16. h5 $1 $16 Nxh5 17. Bb5 $1 axb5 $2 (17... f6 $16) 18. Qh6 $18 {[%emt 0:00:00] Intending Rxh5 and mate.} Rfb8 19. Rxh5 gxh5 20. Qxh5 $4 (20. Rg1+ {mates} Bg4 21. Qxh5 e5 22. Qh6 (22. fxg4 Qa7 $14) (22. Rxg4+ Kf8 $15) 22... f5 23. exf5 (23. fxg4 Qa7 $18) 23... Qb4 24. Qg6+ (24. Rxg4+ Qxg4 25. fxg4 Ra7 $18) 24... Kf8 25. Rh1 (25. Rxg4 Qxg4 26. Qxd6+ Kf7 $18)) 20... Qb6 $19 (20... Bxa2 21. Rg1+ Kf8 22. Qh8#) 21. Qh6 {[%emt 0:00:00] [#] Wards off Qe3+} (21. Qh1 {was forced.} Qe3+ (21... Bxa2 $2 22. Rg1+ $18) 22. Kb1) 21... f6 $1 {[%emt 0:03:31] Black is clearly winning.} (21... Bxa2 $2 22. Rh1 $18) 22. Qg6+ (22. e5 $142 Bf5 (22... Bxa2 23. exf6 exf6 24. Qg6+ Kf8 25. Qxf6+ Bf7 26. Qh6+ Ke8 27. Re1+ Kd7 28. Qh3+ Kd8 29. Qh8+ Kd7 30. Qh3+ Kd8 31. Qh8+ Kd7 32. Qh3+ $11) (22... dxe5 23. Qg6+ Kf8 24. Qh6+ Kg8 25. Qg6+ Kf8 26. Qh6+ Kf7 27. Qh7+ Kf8 28. Qh6+ $11) 23. exf6 exf6 24. Qxf6 Qe3+ 25. Kb1) 22... Kf8 23. Rh1 {[%emt 0:00:00] [#]} Qe3+ $1 ({Stronger than} 23... Bxa2 24. Rh8+) 24. Kb1 Bg8 {[%emt 0:00:05][%cal Ob5b4] Strongly threatening ...b4!} ({Inferior is} 24... Qxf3 25. Rh8+) 25. Rg1 Bf7 26. Qg7+ Ke8 27. Qh8+ Kd7 28. Qh3+ Be6 {[%emt 0:00:06] Quite a comeback for Black.   Weighted Error Value: White=1.20/Black=0.42.  Loses game:     	---       	Black=1      Mistake:       	White=2     	Black=2      Inaccurate:     	White=1     	Black=1      OK:         	White=3     	---        Best:        	White=1     	Black=3      Strong:       	---       	Black=1} 0-1

[Event "Chinese Championship-B Men 2024"]
[Site "Liaocheng"]
[Date "2024.04.26"]
[Round "11.13"]
[White "Liu, Huaqi"]
[Black "Shen, Chenyi"]
[Result "1/2-1/2"]
[ECO "C16"]
[WhiteElo "1742"]
[BlackElo "1974"]
[Annotator "TA"]
[PlyCount "62"]
[EventDate "2024.04.24"]
[EventType "swiss"]
[EventCountry "CHN"]
[SourceTitle "playchess.com"]
[Source "ChessBase"]
[SourceQuality "1"]
[TimeControl "5400+30"]

1. e4 e6 2. d4 d5 3. Nc3 Bb4 4. e5 Ne7 5. a3 Bxc3+ 6. bxc3 b6 7. Qg4 Ng6 8. h4 h5 9. Qg3 Ba6 10. Bxa6 Nxa6 11. Bg5 Qd7 12. Ne2 Nb8 13. a4 {[%emt 0:03:06] White is slightly better.} Nc6 14. Qf3 Nge7 $1 15. Nf4 g6 16. Bf6 Rg8 17. Nh3 Nf5 18. Ng5 Nce7 (18... Na5 $14) 19. Nh7 $16 O-O-O 20. O-O Kb8 21. a5 {[%emt 0:05:52] And now Bxe7 would win. Black is weak on the dark squares} b5 $1 22. a6 Ka8 23. g3 {[%emt 0:17:08] White is much more active.} ({White should play} 23. Bg5 $16 {Hoping for Nf6.} Rh8 24. Nf6) 23... Rb8 $1 $11 24. Bxe7 Qxe7 25. Nf6 {[%emt 0:00:20] [#] Strongly threatening Nxd5.} Rgc8 26. Rfb1 Rb6 27. Ra5 c6 28. Rb4 Rcb8 29. Qd1 Nd6 30. Nxd5 (30. exd6 Qxf6 31. Qe1 Rd8) (30. Ra1 $5) 30... cxd5 31. exd6 Qxd6 {[%emt 0:00:09] Weighted Error Value: White=0.14 (very precise) /Black=0.08 (flawless) .  Mistake:       	White=1     	Black=1      Inaccurate:     	White=2     	Black=2      OK:         	White=5     	Black=6      Best:        	---       	Black=1      Strong:       	---       	Black=3} 1/2-1/2

[Event "Chinese Championship-B Men 2024"]
[Site "Liaocheng"]
[Date "2024.04.26"]
[Round "11.14"]
[White "Liu, Aiwei"]
[Black "Qu, Haoming"]
[Result "0-1"]
[ECO "B07"]
[WhiteElo "1954"]
[BlackElo "1786"]
[Annotator "TA"]
[PlyCount "166"]
[EventDate "2024.04.24"]
[EventType "swiss"]
[EventCountry "CHN"]
[SourceTitle "playchess.com"]
[Source "ChessBase"]
[SourceQuality "1"]
[TimeControl "5400+30"]

1. e4 d6 2. d4 Nf6 3. Nc3 e5 4. dxe5 dxe5 5. Qxd8+ Kxd8 6. Bc4 Be6 7. Bxe6 fxe6 8. f3 Bd6 9. Nb1 Ke7 10. Be3 Nc6 11. c3 {[%emt 0:00:03] White is slightly better.} a6 12. Nd2 h6 13. Nh3 Rhb8 14. Nf2 b5 15. Nd3 Nd7 16. Ke2 Na5 17. b4 Nb7 18. a4 c5 19. axb5 axb5 20. Rxa8 Rxa8 21. bxc5 Nbxc5 22. Nxc5 Bxc5 23. Rb1 Bxe3 24. Kxe3 $11 {[%emt 0:00:23][%mdl 4096] Endgame. KRN-KRN} Ra3 25. Rb3 Ra5 26. c4 bxc4 27. Nxc4 Ra4 28. Rc3 Ra2 29. Nd2 g5 30. Kd3 Kf6 31. Rc2 Ra6 32. Ke2 Nf8 33. Nf1 Ng6 34. g3 h5 35. Ne3 Ne7 36. Kf2 Nc6 37. Rb2 Nd4 38. Rd2 Ra1 39. Rb2 Rc1 40. Ra2 Rb1 41. Rd2 ({White should try} 41. Kg2 $11) 41... Rh1 $15 42. Nf1 {[%emt 0:14:41] [#] Rd1 is the strong threat.} Nxf3 $1 {[%emt 0:03:22] Black is more active.} 43. Kxf3 {[%emt 0:00:18] White wants to mate with Kg2.} Rxf1+ {[%emt 0:00:02] KR-KR} 44. Ke3 Ra1 45. Rf2+ Ke7 46. Rb2 Re1+ 47. Kd3 Rh1 48. Ke3 Kf6 49. Rf2+ Kg7 50. Kd3 Ra1 51. Rb2 Ra3+ 52. Ke2 Kf6 53. Rd2 h4 54. Rd3 Ra2+ (54... Ra8 $15) 55. Rd2 $11 Ra1 56. Kf3 hxg3 57. hxg3 Ra3+ 58. Kf2 g4 59. Re2 Ke7 60. Re3 Ra4 61. Ke2 Kd6 62. Rd3+ Kc5 63. Ke3 Ra2 64. Rc3+ Kb5 65. Rb3+ Kc4 ({Better is} 65... Kc6 $1 $15 66. Rc3+ Kd7 67. Rd3+ Ke7) 66. Rb6 (66. Rc3+ $1 $11 Kb5 67. Rb3+ Kc5 68. Rc3+ Kd6 69. Rd3+ Ke7 70. Rd2) 66... Ra3+ $17 67. Kf2 Kd4 68. Rxe6 Kxe4 {[%emt 0:00:00] ( -> ...Ra2+)} 69. Rf6 $2 {[%emt 0:00:39][%mdl 8192] This costs White the game.} (69. Rb6 $17) 69... Ra2+ {[%emt 0:00:00] Black mates.} 70. Kf1 Kd3 71. Rd6+ Ke3 72. Rb6 Ra3 73. Kg2 e4 74. Rf6 Kd2 75. Rf4 e3 76. Rd4+ Rd3 77. Re4 e2 78. Kf2 {[%emt 0:00:04] [#]} e1=Q+ $1 79. Rxe1 Rf3+ 80. Kg2 Kxe1 81. Kh2 Kf1 82. Kh1 Rxg3 83. Kh2 Rh3# {[%emt 0:00:00] Weighted Error Value: White=0.09 (flawless) /Black=0.05 (flawless) .  Loses game:     	White=1     	---        Mistake:       	White=2     	Black=2      Inaccurate:     	White=5     	Black=3      OK:         	White=17    	Black=20     Best:        	White=3     	Black=4      Brilliant:      	---       	Black=1} 0-1

[Event "Chinese Championship-B Men 2024"]
[Site "Liaocheng"]
[Date "2024.04.26"]
[Round "11.15"]
[White "Hong, Mingren"]
[Black "Yao, Yuhang"]
[Result "1-0"]
[ECO "B54"]
[WhiteElo "1747"]
[BlackElo "1887"]
[Annotator "NA RC"]
[PlyCount "89"]
[EventDate "2024.04.24"]
[EventType "swiss"]
[EventCountry "CHN"]
[SourceTitle "playchess.com"]
[Source "ChessBase"]
[SourceQuality "1"]
[TimeControl "5400+30"]

1. e4 c5 2. Nf3 e6 3. c4 Nc6 4. Be2 Nf6 5. Nc3 Be7 6. O-O O-O 7. d4 cxd4 8. Nxd4 d6 9. Be3 Bd7 10. Qd2 Nxd4 11. Bxd4 Bc6 12. f3 a6 {[%emt 0:04:01] B54: Sicilian: 2...d6 3 d4 cxd4 4 Nxd4, Unusual Lines .} 13. Rfd1 Kh8 14. b4 Be8 (14... b6 $14 {is more appropriate.}) 15. Qb2 Qc7 16. Rac1 Rg8 17. a4 Rc8 18. a5 Qb8 19. Bf1 Nd7 20. Na4 Bd8 21. Qf2 Rc6 22. Nb6 e5 23. Be3 Nxb6 24. axb6 f6 25. c5 Be7 26. b5 (26. Bc4 $18 Rf8 27. Bd5) 26... axb5 27. Bxb5 Rc8 28. Bc4 Rf8 29. Be6 Rd8 30. cxd6 Rxd6 (30... Bxd6 $142 31. h3 Bf7) 31. Bd5 (31. Rxd6 $18 Qxd6 32. Bd5) 31... Bf7 32. Bc5 (32. Rc7 $18 Bd8 33. Rc3 (33. Rxf7 Rxf7 34. Bc5 Rfd7 $11) (33. Rxb7 $2 {loses.} Qxb7 34. Bc5 Bxd5 $19)) 32... Rd7 33. Bxf7 Rxd1+ 34. Rxd1 Rxf7 35. Bxe7 Rxe7 36. Qc5 Qe8 37. Qc7 Qa4 38. Rd8+ Re8 39. Rxe8+ Qxe8 40. Qxb7 h6 41. Qd5 (41. Qc7 $142 Qa4 42. h3 Kh7 43. b7 Qa7+ 44. Kh2 Kg8 45. b8=Q+ (45. b8=B Qd4 $18) 45... Qxb8 46. Qxb8+ Kf7 47. Qd6) 41... Qa4 42. b7 Qa1+ 43. Kf2 Qb2+ 44. Kg3 Kh7 45. Qd7 1-0